 Dungeon Crawl Stone Soup version 0.22-a0-815-gb582571 (webtiles) character file.

12625 iamserjio the Unseen (level 11, 0/53 HPs)
             Began as a Spriggan Monk on July 23, 2018.
             Was an Elder of Yredelemnul.
             Slain by a water moccasin (1 damage)
             ... on level 3 of the Lair of Beasts.
             The game lasted 00:59:04 (8487 turns).

iamserjio the Unseen (Spriggan Monk)                Turns: 8487, Time: 00:59:05

Health: 0/53       AC:  4    Str: 15    XL:     11   Next: 64%
Magic:  13/24      EV: 27    Int: 12    God:    Yredelemnul [****..]
Gold:   348        SH:  3    Dex: 20    Spells: 18/26 levels left

rFire    . . .     SeeInvis +   S - +8 dagger (chaos)
rCold    . . .     Gourm    .   (shield restricted)
rNeg     . . .     Faith    .   h - +1 robe {MR+}
rPois    .         Spirit   .   (helmet restricted)
rElec    .         Reflect  +   a - +0 cloak {+Inv}
rCorr    .         Harm     .   (gloves unavailable)
MR       ++...                  (boots unavailable)
Stlth    +++++++...             r - +3 amulet of reflection
HPRegen  0.17/turn              Y - ring of stealth
MPRegen  0.19/turn              Q - +6 ring of strength

@: very quick
A: very small, unfitting armour, see invisible, herbivore, speed 3, slow
metabolism 2
a: Recall Undead Slaves, Injury Mirror, Animate Dead, Drain Life, Renounce
Religion, Evoke Invisibility


You were on level 3 of the Lair of Beasts.
You worshipped Yredelemnul.
Yredelemnul was greatly pleased with you.
You were hungry.

You visited 3 branches of the dungeon, and saw 15 of its levels.
You also visited: Labyrinth and Ossuary.

You collected 535 gold pieces.
You spent 187 gold pieces at shops.

Inventory:

Hand Weapons
 l - a +0 blowgun
 S - a +8 dagger of chaos (weapon)
Missiles
 i - 121 arrows
 m - 35 poisoned needles
 N - 3 throwing nets (quivered) {!f}
Armour
 a - a +0 cloak of invisibility (worn)
 b - a +0 robe
 h - a +1 robe of magic resistance (worn)
 p - a +2 cloak
 s - a +1 robe of cold resistance
Jewellery
 r - a +3 amulet of reflection (around neck)
 B - an uncursed ring of wizardry
 Q - a +6 ring of strength (right hand)
 R - an uncursed amulet of magic regeneration
 Y - a ring of stealth (left hand)
Wands
 g - a wand of iceblast (12)
 n - a wand of random effects (49)
 v - a wand of clouds (6)
 y - a wand of flame (60)
 D - a wand of disintegration (23)
 M - a wand of acid (5)
 O - a wand of enslavement (22)
 T - a wand of polymorph (14)
 X - a wand of paralysis (20)
Scrolls
 e - 2 scrolls of amnesia
 q - a scroll of acquirement {unknown}
 u - 7 scrolls of remove curse {@r2}
 x - 4 scrolls of blinking
 A - 3 scrolls of enchant armour
 C - 3 scrolls of identify {@r1}
 F - 3 scrolls of immolation
 G - a scroll of fear
 I - 5 scrolls of teleportation
 J - 2 scrolls of fog
 K - a scroll of summoning
 L - a scroll of noise {unknown}
 W - a scroll of vulnerability {unknown}
Potions
 d - 3 potions of lignification
 f - 2 potions of invisibility
 j - 3 potions of magic
 k - 7 potions of curing {@q1}
 o - a potion of resistance
 t - 3 potions of agility
 w - 2 potions of might
 z - a potion of flight {unknown}
 H - a potion of brilliance {unknown}
 U - a potion of heal wounds {unknown}
 V - 2 potions of cancellation {unknown}
Comestibles
 c - 19 rations


   Skills:
 - Level 4.0 Fighting
 + Level 7.4 Short Blades
 + Level 9.8 Dodging
 + Level 15.2 Stealth
 - Level 8.3 Spellcasting
 + Level 9.5 Hexes
 * Level 5.5 Invocations
 + Level 4.7 Evocations


You had 18 spell levels left.
You knew the following spells:

 Your Spells              Type           Power        Failure   Level  Hunger
a - Confuse               Hex            ####....     1%          3    ##.....
b - Tukima's Dance        Hex            ####....     1%          3    ##.....
c - Summon Butterflies    Summ           #.......     14%         1    None
d - Apportation           Tloc           #.....       14%         1    None

Your spell library contained the following spells:

 Spells                   Type           Power        Failure   Level  Hunger
 Fireball                 Conj/Fire      #.........   99%         5    ######.
 Conjure Flame            Conj/Fire      #.......     41%         3    ##.....
 Invisibility             Hex            ####....     41%         6    #######
 Throw Flame              Conj/Fire      #.....       22%         2    #......
 Throw Frost              Conj/Ice       #.....       22%         2    #......
 Freezing Cloud           Conj/Ice/Air   #.........   100%        6    #######
 Mephitic Cloud           Conj/Pois/Air  #.......     41%         3    ##.....
 Ring of Flames           Chrm/Fire      #.........   100%        7    #######
 Freeze                   Ice            #...         14%         1    None
 Sticky Flame             Conj/Fire      #.......     82%         4    ####...
 Summon Ice Beast         Ice/Summ       #.......     82%         4    ####...
 Ozocubu's Armour         Chrm/Ice       #.......     41%         3    ##.....
 Throw Icicle             Conj/Ice       #.......     82%         4    ####...
 Flame Tongue             Conj/Fire      #....        14%         1    None
 Ensorcelled Hibernation  Hex/Ice        ###...       3%          2    #......
 Corona                   Hex            ####...      1%          1    None
 Alistair's Intoxication  Tmut/Pois      #.......     99%         5    ######.
 Inner Flame              Hex/Fire       ###.....     6%          3    ##.....
 Dazzling Spray           Conj/Hex       ###...       6%          3    ##.....
 Lesser Beckoning         Tloc           #.........   41%         3    ##.....
 Poisonous Vapours        Pois/Air       #.....       22%         2    #......


Dungeon Overview and Level Annotations

Branches:
Dungeon (11/15)            Temple (1/1) D:5            Lair (2/6) D:8
  Swamp: Lair:2-4    Shoals: Lair:2-4     Snake: Lair:2-4    Spider: Lair:2-4
    Orc: D:9-12

Altars:
Ashenzari
Dithmenos
Elyvilon
Fedhas
Gozag
Hepliaklqana
Kikubaaqudgha
Qazlal
Ru
Sif Muna
Trog
Uskayaw
Vehumet
Wu Jian
Xom
Yredelemnul
Zin
The Shining One

Shops:
D:7 ?

Annotations:
D:2 Natasha
D:6 exclusion: oklob plant
D:10 Josephine


Innate Abilities, Weirdness & Mutations

You are very small and have problems with some larger weapons.
You are too small for most types of armour.
You have supernaturally acute eyesight. (SInv)
You are a herbivore.
You cover ground extremely quickly.
You need to consume almost no food.


Message History

Your wolf dies!
The wolf looks stronger.
Evoke which item? (* to show all) (? for menu, Esc to quit)
Aiming: Enslavement
Press: ? - help, Shift-Dir - straight line, f - wolf
Aim: a wolf (chance to defeat MR: 60%)
The wolf resists with significant effort.
The wolf completely misses you.
Evoke which item? (* to show all) (? for menu, Esc to quit)
Aiming: Enslavement
Press: ? - help, Shift-Dir - straight line, f/p - wolf
Aim: a wolf (chance to defeat MR: 60%)
The wolf resists with significant effort.
The wolf bites you!
* * * LOW HITPOINT WARNING * * *
The wolf bites you!
* * * LOW HITPOINT WARNING * * *
The water moccasin bites you.
You die...
Your body rises from the dead as a mindless zombie.

.P##.##..# .....##..#
.... .. .##......#
.#.###.## .##.##...#
........
...#..P..#####P.....#
..##......P..##.##..#
....................#
....##......#.#....#
...###...#....#.@#.# ...
....###........Shh.#
#..##.
..##...#.#.##.P.h#.##
..##.. ..#
##.##..##..†.#..##.....%
.#.#
#####.......#.##.#.....
.### #.#.>.#..hP........
.# #####..##..S.......
<# #..##...h...... ..
#..##..........


You could see a water moccasin and 3 wolves.

Vanquished Creatures
  A minotaur (Lab)
  Snorg (D:10)
  Fannar (Lair:1)
  2 two-headed ogres
  Maurice (D:9)
  2 spiny frogs
  Joseph (D:8)
  Psyche (D:9)
  A komodo dragon (Lair:1)
  A hippogriff (D:8)
  4 blink frogs (Lair:3)
  10 yaks
  A wyvern (D:10)
  4 basilisks (Lab)
  A warg (D:8)
  5 water moccasins
  2 porcupines
  An orc warrior (D:8)
  A sky beast (D:10)
  3 centaurs
  2 crocodiles
  4 ogres
  13 bullfrogs
  3 scorpions
  4 killer bees (D:10)
  A wight (D:10)
  3 howler monkeys (D:10)
  3 crimson imps
  A centaur zombie (D:9)
  3 hounds
  3 orc priests
  A bullfrog skeleton (D:5)
  A centaur skeleton (D:8)
  A jelly (D:10)
  4 orc wizards
  4 iguanas
  Ijyb (D:5)
  Natasha (D:2)
  6 worker ants
  A killer bee zombie (D:6)
  3 big kobold zombies (Ossuary)
  A hound zombie (D:10)
  A mummy (Ossuary)
  A hound skeleton (D:5)
  6 gnolls
  A howler monkey skeleton (D:5)
  9 adders
  2 shadow imps (D:8)
  An adder skeleton (D:8)
  2 worms
  A dart slug (D:1)
  4 leopard geckos
  26 orcs
  5 giant cockroaches
  10 hobgoblins
  8 jackals
  3 quokkas
  A ball python (D:2)
  8 bats
  4 bat simulacra (Ossuary)
  5 frilled lizards
  8 gnoll zombies (Ossuary)
  2 goblins
  7 goblin simulacra (Ossuary)
  3 goblin zombies (Ossuary)
  8 hobgoblin zombies (Ossuary)
  8 kobolds
  3 kobold simulacra (Ossuary)
  4 kobold zombies (Ossuary)
  A leopard gecko zombie (D:6)
  3 orc zombies (Ossuary)
  3 rats
  A rat simulacrum (Ossuary)
  A spectral rat (Ossuary)
258 creatures vanquished.

Vanquished Creatures (others)
  A wolf (Lair:3)
  A killer bee (D:10)
  A mummy (Lair:2)
  A fungus (Lair:3)
  A plant (D:8)
5 creatures vanquished.

Grand Total: 263 creatures vanquished

Notes
Turn   | Place    | Note
-------+----------+-------------------------------------------
     0 | D:1      | iamserjio the Spriggan Monk began the quest for the Orb.
     0 | D:1      | Reached XP level 1. HP: 11/11 MP: 2/2
    73 | D:1      | You fall through a shaft!
    93 | D:2      | Reached XP level 2. HP: 15/16 MP: 3/3
   192 | D:1      | Reached skill level 4 in Stealth
   360 | D:2      | Found a radiant altar of Vehumet.
   443 | D:1      | Reached XP level 3. HP: 19/19 MP: 4/4
   541 | D:2      | Noticed Natasha
   560 | D:2      | Killed Natasha
   560 | D:2      | Reached skill level 5 in Dodging
   560 | D:2      | Reached skill level 5 in Stealth
   682 | D:2      | Noticed Natasha
   841 | D:3      | Reached XP level 4. HP: 3/23 MP: 5/5
  1029 | D:4      | Found a white marble altar of Elyvilon.
  1086 | D:4      | Reached skill level 6 in Stealth
  1391 | D:4      | Noticed an ogre
  1465 | D:4      | Killed an ogre
  1465 | D:4      | Reached XP level 5. HP: 24/27 MP: 6/6
  1637 | D:3      | Reached skill level 7 in Stealth
  1696 | D:3      | Found an ornate altar of the Wu Jian Council.
  1921 | D:3      | Found a bloodstained altar of Trog.
  1978 | D:3      | Reached XP level 6. HP: 25/32 MP: 7/7
  2159 | D:5      | Entered Level 5 of the Dungeon
  2179 | D:5      | Found a sand-covered staircase.
  2211 | Ossuary  | Entered an ossuary
  2503 | Ossuary  | Reached skill level 8 in Stealth
  2548 | Ossuary  | Reached skill level 5 in Short Blades
  2608 | D:5      | Found a sacrificial altar of Ru.
  2608 | D:5      | Found a bloodstained altar of Trog.
  2747 | D:5      | Reached XP level 7. HP: 18/35 MP: 8/8
  2835 | D:5      | Reached skill level 9 in Stealth
  2880 | D:5      | Found a staircase to the Ecumenical Temple.
  2889 | Temple   | Entered the Ecumenical Temple
  2931 | Temple   | Became a worshipper of Yredelemnul the Dark
  2931 | Temple   | Reached * piety under Yredelemnul
  2931 | Temple   | Reached ** piety under Yredelemnul
  3003 | D:5      | Found a glowing golden altar of the Shining One.
  3078 | D:5      | Found a glowing silver altar of Zin.
  3441 | D:5      | Noticed Ijyb
  3505 | D:5      | Killed Ijyb
  3652 | D:5      | Reached skill level 10 in Stealth
  4074 | D:6      | Found a blossoming altar of Fedhas.
  4093 | D:6      | Noticed an oklob plant
  4188 | D:6      | Learned a level 3 spell: Confuse
  4230 | D:6      | Reached XP level 8. HP: 31/39 MP: 8/10
  4253 | D:6      | Reached skill level 1 in Spellcasting
  4253 | D:6      | Reached skill level 1 in Hexes
  4424 | D:7      | Found a shadowy altar of Dithmenos.
  4460 | D:7      | Reached skill level 11 in Stealth
  4887 | D:7      | Found Muirrane's Magic Scroll Emporium.
  4895 | D:7      | Bought a scroll of blinking for 112 gold pieces
  4895 | D:7      | Bought a scroll of fog for 30 gold pieces
  4895 | D:7      | Bought a scroll of teleportation for 45 gold pieces
  4950 | D:7      | Learned a level 3 spell: Tukima's Dance
  5288 | D:8      | Reached XP level 9. HP: 44/44 MP: 16/16
  5313 | D:8      | Noticed Joseph
  5449 | D:8      | Found a stormy altar of Qazlal.
  5497 | D:8      | Reached *** piety under Yredelemnul
  5497 | D:8      | Reached skill level 12 in Stealth
  5577 | D:8      | Reached skill level 5 in Hexes
  5586 | D:8      | Found a staircase to the Lair.
  5678 | D:8      | Found a hide-covered altar of Uskayaw.
  5784 | D:8      | Reached skill level 5 in Spellcasting
  5911 | D:8      | Found a hide-covered altar of Uskayaw.
  5993 | D:9      | Noticed Maurice
  6007 | D:9      | Killed Maurice
  6007 | D:9      | Reached skill level 13 in Stealth
  6103 | D:9      | Noticed Psyche
  6110 | D:9      | Killed Psyche
  6526 | D:9      | Found a shattered altar of Ashenzari.
  6551 | D:10     | Entered Level 10 of the Dungeon
  6572 | D:10     | Reached XP level 10. HP: 36/49 MP: 5/20
  6592 | D:10     | Noticed Snorg
  6592 | D:10     | Noticed a two-headed ogre
  6613 | D:10     | Killed a two-headed ogre
  6613 | D:10     | Reached skill level 14 in Stealth
  6615 | D:10     | Killed Snorg
  6669 | D:10     | Learned a level 1 spell: Summon Butterflies
  6671 | D:10     | Learned a level 1 spell: Apportation
  6675 | D:10     | Noticed Josephine
  6698 | D:10     | Reached skill level 1 in Invocations
  6703 | D:10     | Reached **** piety under Yredelemnul
  6912 | D:11     | Noticed a two-headed ogre
  6926 | D:11     | HP: 2/49 [two-headed ogre/giant spiked club (15)]
  6927 | D:11     | Killed a two-headed ogre
  6927 | D:11     | Reached skill level 1 in Evocations
  7270 | D:10     | Found an ornate altar of the Wu Jian Council.
  7588 | D:8      | Killed Joseph
  7597 | Lair:1   | Entered Level 1 of the Lair of Beasts
  7648 | Lair:1   | Reached XP level 11. HP: 53/53 MP: 24/24
  7676 | Lair:1   | Received a gift from Yredelemnul (a wight)
  7696 | Lair:1   | Found a labyrinth entrance.
  7705 | Lab      | Entered a labyrinth
  7973 | Lab      | Noticed a minotaur
  7983 | Lab      | Killed a minotaur
  8147 | Lair:1   | Noticed Fannar
  8153 | Lair:1   | Killed Fannar
  8153 | Lair:1   | Reached skill level 15 in Stealth
  8268 | Lair:2   | Reached skill level 5 in Invocations
  8276 | Lair:2   | Received a gift from Yredelemnul (a mummy)
  8355 | Lair:2   | You fall through a shaft!
  8487 | Lair:3   | HP: 1/53 [wolf (12)]
  8487 | Lair:3   | Slain by a water moccasin

Vault maps used:
D:1:      eino_arrival_cavern_e, serial_bayou_pond_e,
          hangedman_decor_diamond_cutter, minmay_lizard_king
D:2:      old_standard_altar, uniq_natasha
D:3:      lemuel_coloured_pillars_altar, first_ration, lemuel_statue_altar
D:4:      elyvilon_altar_4, corexii_shack
D:5:      kennysheep_little_box, cheibrodos_worm_habitat, old_standard_altar,
          overflow_temple_1_default, nicolae_overflow_hidden_temple,
          minmay_temple_entry_mist, lightli_ossuary_entry_decrepit_ruins,
          uniq_ijyb
D:6:      tgw_fedhas, grunt_decor_arrowhead, patterned_corridor
D:7:      overflow_temple_1_default, serial_shops, shop
D:8:      marbit_many_paths, lemuel_round_altar, erik_lair_orcish_takeover,
          basic_altar, uniq_joseph
D:9:      kennysheep_mini, uniq_psyche, uniq_maurice
D:10:     orc_0_dummy, basic_altar, uniq_snorg, uniq_josephine
Temple:   nicolae_temple_figure_zero
Lair:1:   lab_entry_generic, uniq_fannar
Lair:2:   spider_nest_entry_webs, beast_lair_carwin_3
Lab:      labyrinth_mini_lab, nicolae_lab_blocks, nicolae_lab_dead_end,
          lab_block
Ossuary:  ossuary_zaba_two_paths

Skill      XL: |  1  2  3  4  5  6  7  8  9 10 11 |
---------------+----------------------------------+-----
Stealth        | 4 5 6 7 8 10 11 13 14 15 | 15.2
Dodging        | 5 6 7 8 9 |  9.8
Short Blades   | 4 5 6 7 |  7.4
Spellcasting   | 4 6 8 |  8.3
Hexes          | 4 7 8 9 |  9.5
Fighting       | 3 4 |  4.0
Invocations    | 3 5 |  5.5
Evocations     | 2 4 |  4.7

Action                   |  1- 3 |  4- 6 |  7- 9 | 10-12 || total
-------------------------+-------+-------+-------+-------++-------
Melee: Short sword       |    97 |   245 |   265 |       ||   607
       Dagger            |       |     2 |    17 |   144 ||   163
 Fire: Blowgun           |     7 |    22 |    64 |       ||    93
 Cast: Confuse           |       |       |    47 |    43 ||    90
Evoke: Wand              |       |    27 |    52 |    13 ||    92
  Use: Scroll            |       |    12 |     8 |     5 ||    25
       Potion            |       |     1 |       |     3 ||     4
 Stab: Sleeping          |    12 |    21 |    25 |    18 ||    76
       Invisible         |       |     6 |       |     2 ||     8
       Distracted        |       |     2 |       |       ||     2
       Confused          |       |       |    15 |    19 ||    34
       Petrifying        |       |       |       |     1 ||     1
       Paralysed         |       |       |       |     1 ||     1
  Eat: Ration            |       |       |     4 |     2 ||     6
Armor: Robe              |    10 |    19 |    18 |     4 ||    51
Dodge: Dodged            |    96 |   139 |   220 |    97 ||   552
Block: Other             |       |    16 |    32 |     6 ||    54

Table legend:
 A = Spawn XP
 B = Non-spawn XP
 C = Spawn XP percentage of total XP
 D = Spawn monster count
 E = Non-spawn monster count
 F = Spawn count percentage of total count
 G = Total turns spent on level
                    A         B        C        D         E        F      G
               +---------+---------+-------+---------+---------+-------+---------
         Total |       0 |   18037 |   0.0 |       0 |     260 |   0.0 |  8487
               +---------+---------+-------+---------+---------+-------+---------
           D:1 |       0 |      21 |   0.0 |       0 |      12 |   0.0 |   305
           D:2 |       0 |      63 |   0.0 |       0 |      16 |   0.0 |   444
           D:3 |       0 |     156 |   0.0 |       0 |      34 |   0.0 |   621
           D:4 |       0 |     217 |   0.0 |       0 |       8 |   0.0 |   865
           D:5 |       0 |     730 |   0.0 |       0 |      26 |   0.0 |  1291
           D:6 |       0 |     472 |   0.0 |       0 |      10 |   0.0 |   450
           D:7 |       0 |     830 |   0.0 |       0 |      19 |   0.0 |   833
           D:8 |       0 |    1736 |   0.0 |       0 |      24 |   0.0 |   764
           D:9 |       0 |     997 |   0.0 |       0 |       6 |   0.0 |   572
          D:10 |       0 |    4163 |   0.0 |       0 |      26 |   0.0 |   550
          D:11 |       0 |    1218 |   0.0 |       0 |       6 |   0.0 |   460
        Lair:1 |       0 |    2947 |   0.0 |       0 |      10 |   0.0 |   331
        Lair:2 |       0 |     648 |   0.0 |       0 |       4 |   0.0 |   112
        Lair:3 |       0 |    1722 |   0.0 |       0 |       8 |   0.0 |   132
           Lab |       0 |    1973 |   0.0 |       0 |       5 |   0.0 |   315
       Ossuary |       0 |     144 |   0.0 |       0 |      46 |   0.0 |   386
               +---------+---------+-------+---------+---------+-------+---------
